 Dungeon Crawl Stone Soup version 0.30-a0-135-g630cfc4551 (webtiles) character file.

Game seed: 5696802075498604335

1635 NinjaNoafa the Fighter (level 8, -1/74 (78) HPs)
             Began as a Minotaur Fighter on Sept 20, 2022.
             Was an Initiate of Ru.
             Slain by a wight
             ... wielding a +3 battleaxe
              (8 damage)
             ... on level 6 of the Dungeon on Sept 21, 2022.
             The game lasted 00:13:14 (6144 turns).

NinjaNoafa the Fighter (Minotaur Fighter)           Turns: 6144, Time: 00:13:14

HP:   -1/74 (78)    AC: 12    Str: 22    XL:     8   Next: 66%
MP:   6/6           EV:  4    Int:  5    God:    Ru [......]
Gold: 224           SH: 14    Dex: 17    Spells: 7/7 levels left

rFire   . . .      SeeInvis .    a - +0 war axe
rCold   . . .      Faith    +    b - +0 tower shield
rNeg    . . .      Spirit   .    k - +1 chain mail {rPois}
rPois   +          Reflect  .    (helmet restricted)
rElec   +          Harm     .    p - +0 cloak
rCorr   .          Rampage  .    (no gloves)
Will    .....                    (no boots)
Stlth   ..........               g - amulet of faith
HPRegen 0.22/turn                u - +6 ring of dexterity
MPRegen 0.10/turn                (no ring)

@: on berserk cooldown, slowed, drained, very slow
A: horns 2, retaliatory headbutt, beak, low MP 1, electricity resistance
a: Renounce Religion


You were on level 6 of the Dungeon.
You worshipped Ru.
Ru was noncommittal.
You visited 2 branches of the dungeon, and saw 7 of its levels.

You collected 224 gold pieces.

Inventory:

Hand Weapons
 a - a +0 war axe (weapon)
Missiles
 j - 27 stones
 m - 5 curare-tipped darts (quivered)
Armour
 b - a +0 tower shield (worn)
 k - a +1 chain mail of poison resistance (worn)
 p - a +0 cloak (worn)
Jewellery
 g - an amulet of faith (around neck)
 u - a +6 ring of dexterity (left hand)
Wands
 l - a wand of polymorph (8)
Scrolls
 c - a scroll of noise {unknown}
 e - 3 scrolls of identify {unknown}
 h - a scroll of immolation {unknown}
 o - 2 scrolls of vulnerability {unknown}
 t - a scroll of poison {unknown}
 v - 2 scrolls of butterflies {unknown}
 w - 2 scrolls of enchant weapon {unknown}
 x - 2 scrolls of teleportation {unknown}
Potions
 d - 2 potions of lignification
 i - a potion of cancellation
 n - a potion of resistance
 q - a potion of brilliance


   Skills:
 + Level 9.5 Fighting
 - Level 9.0 Axes
 - Level 5.0 Armour
 - Level 5.0 Shields


You had 7 spell levels left.
You didn't know any spells.
Your spell library contained the following spells:

 Spells                   Type           Power      Damage    Failure   Level
 Frozen Ramparts          Ice            0%         1d1       100%        3
 Ice Form                 Ice/Tmut       0%         N/A       100%        4
 Summon Ice Beast         Ice/Summ       0%         N/A       100%        4


Dungeon Overview and Level Annotations

Branches:
Dungeon (6/15)             Temple (1/1) D:4

Altars:
Ashenzari
Cheibriados
Elyvilon
Fedhas
Gozag
Hepliaklqana
Makhleb
Nemelex Xobeh
Ru
Sif Muna
Trog
Vehumet
Wu Jian
Xom
Yredelemnul
Zin
The Shining One


Innate Abilities, Weirdness & Mutations

You have a pair of horns on your head.
You reflexively headbutt those who attack you in melee.
You have a beak for a mouth.
Your magical capacity is low. (-10% MP)
You are resistant to electric shocks. (rElec)


Message History

Items here: )))) [[ †.
You barely miss the centaur. You headbutt the centaur!
You peck the centaur, but do no damage.
The centaur is heavily wounded.
You block the centaur's attack. The centaur completely misses you.
You slash the centaur!
You kill the centaur!
You are no longer berserk.
You are exhausted.
You feel yourself slow down.
Training target 9.0 for Axes reached!
Training target 9.0 for Fighting reached!
Your Fighting skill increases to level 9!
Your Axes skill increases to level 9!
You need to enable at least one skill for training.
It was a potion of heal wounds.
You feel much better. You block the wight's attack.
You slash the wight! You headbutt the wight.
You peck the wight, but do no damage.
The wight is almost destroyed.
The wight hits you with a +0 long sword.
You feel drained. You block the wight's attack.
You completely miss the wight. You headbutt the wight.
You destroy the wight!
You block the wight's attack.
Your life force feels restored.
You completely miss the wight. The wight hits you with a +3 battleaxe.
You feel drained. The wight hits you with a +3 battleaxe.
You feel drained. You block the wight's attack.
You barely miss the wight. Your peck misses the wight.
You block the wight's attack. The wight hits you with a +3 battleaxe!
* * * LOW HITPOINT WARNING * * *
You closely miss the wight. The wight hits you with a +3 battleaxe!
* * * LOW HITPOINT WARNING * * *
You feel drained.
* * * LOW HITPOINT WARNING * * *
You block the wight's attack.
Okay, then.
The wight attacks as you move away! The wight hits you with a +3 battleaxe!
You die...

#.# #.# ..###.. #.#
.T..... #.# .......
#.# ....... #.#
....... .. #)#
.......
[...#######.##.......
.........).)@zz.....>
#.####.###)##.....!.
###.# #)# #######
#..|# #.# #.### #.#
###.# #.# #...# #.#
#.### #.# ##.# (..


You could see 2 wights.

Vanquished Creatures
  A troll (D:6)
  Duvessa (D:6)
  A black bear (D:4)
  An orc warrior (D:6)
  A wolf (D:4)
  A centaur (D:6)
  A bullfrog (D:5)
  A necrophage (D:4)
  3 wights (D:6)
  Dowan (D:6)
  2 orc priests (D:4)
  Crazy Yiuf (D:2)
  A gnoll bouda (D:6)
  4 iguanas
  6 orc wizards
  Terence (D:2)
  7 gnolls (D:6)
  7 adders
  A shadow imp (D:6)
  A white imp (D:5)
  An ufetubus (D:4)
  3 worms
  19 orcs
  5 ball pythons
  2 bats (D:1)
  7 endoplasms
  4 giant cockroaches
  4 goblins
  4 hobgoblins
  5 jackals
  2 quokkas
  3 frilled lizards
  2 kobolds
  9 rats
113 creatures vanquished.

Notes
Turn   | Place    | Note
-------+----------+-------------------------------------------
     0 | D:1      | NinjaNoafa the Minotaur Fighter began the quest for the
                  | Orb.
     0 | D:1      | Reached XP level 1. HP: 19/19 MP: 0/0
    36 | D:1      | Found a faded altar of an unknown god.
   270 | D:1      | Reached XP level 2. HP: 27/27 MP: 1/1
  1128 | D:2      | Reached XP level 3. HP: 31/34 MP: 2/2
  1170 | D:2      | Noticed Terence
  1178 | D:2      | Killed Terence
  1179 | D:2      | Reached XP level 4. HP: 41/41 MP: 3/3
  1319 | D:2      | Reached skill level 5 in Fighting
  1602 | D:2      | Found a runed translucent door.
  1603 | D:2      | Noticed Crazy Yiuf
  1860 | D:2      | Killed Crazy Yiuf
  1861 | D:2      | Reached skill level 5 in Axes
  2101 | D:3      | Reached XP level 5. HP: 48/48 MP: 4/4
  2908 | D:4      | Reached XP level 6. HP: 45/56 MP: 5/5
  2910 | D:4      | Reached skill level 5 in Armour
  2910 | D:4      | Reached skill level 5 in Shields
  3165 | D:4      | Found a sparkling altar of Nemelex Xobeh.
  3646 | D:4      | Found a staircase to the Ecumenical Temple.
  3708 | Temple   | Entered the Ecumenical Temple
  3945 | Temple   | Became a worshipper of the Shining One
  4210 | D:4      | Reached XP level 7. HP: 31/61 MP: 6/6
  4219 | D:4      | HP: 2/91 [orc priest/+0 trident (4)]
  4231 | D:4      | Gained mutation: Your magical capacity is low. (-10% MP)
                  | [potion of mutation]
  4231 | D:4      | Gained mutation: You are resistant to electric shocks.
                  | (rElec) [potion of mutation]
  4231 | D:4      | Gained mutation: You have a beak for a mouth. [potion of
                  | mutation]
  4232 | D:4      | HP: 4/91 [wolf (3)]
  4234 | D:4      | HP: 1/91 [wolf (4)]
  4235 | D:4      | The Shining One protects you from harm!
  4597 | D:4      | Found a basalt altar of Yredelemnul.
  4892 | D:5      | Entered Level 5 of the Dungeon
  5055 | D:5      | Found a blossoming altar of Fedhas.
  5059 | D:5      | Found a sacrificial altar of Ru.
  5069 | D:5      | Fell from the grace of the Shining One
  5069 | D:5      | Became a worshipper of Ru the Awakened
  5363 | D:5      | Found a white marble altar of Elyvilon.
  5368 | D:5      | Found a bloodstained altar of Trog.
  5835 | D:6      | Noticed Duvessa
  5835 | D:6      | Noticed Dowan
  5844 | D:6      | Killed Duvessa
  5848 | D:6      | Killed Dowan
  5849 | D:6      | Reached XP level 8. HP: 32/74 MP: 6/6
  6108 | D:6      | Noticed a troll
  6131 | D:6      | Killed a troll
  6144 | D:6      | Slain by a wight

Illustrated notes

Levels and vault maps discovered:
D:1:      shiori_arrival_elements, layout_basic,
          nicolae_ecumenical_snake_handling
D:2:      layout_loops_ring, serial_bayou_pond_a, uniq_crazy_yiuf_cottage,
          uniq_terence
D:3:      layout_basic
D:4:      cheibrodos_pilgrimage, layout_basic, nemelex_dance_club_becter,
          pf_just_have_faith, temple_hall, minmay_a_box_with_orc_wizards_in_it
D:5:      layout_cave_pods, grunt_temple_overflow_open,
          amethyst_overflow_temple_binary,
          nicolae_concentric_dashed_squares_mild
D:6:      layout_basic, serial_shops, nicolae_diamond_shop, minmay_microvault,
          uniq_menkaure, uniq_duvessa, uniq_eustachio
Temple:   grunt_temple_mini_profane

Skill      XL: |  1  2  3  4  5  6  7  8 |
---------------+-------------------------+-----
Fighting       | 4 5 7 9 |  9.5
Axes           | 3 4 5 7 9 |  9.0
Armour         | 4 5 |  5.0
Shields        | 4 5 |  5.0

Action                   |  1- 3 |  4- 6 |  7- 9 || total
-------------------------+-------+-------+-------++-------
Melee: War axe           |    43 |   112 |    86 ||   241
       Headbutt          |     5 |    15 |    17 ||    37
       Unarmed           |     4 |       |       ||     4
       Peck              |       |       |    15 ||    15
Evoke: Wand              |       |       |     2 ||     2
  Use: Potion            |       |     2 |    12 ||    14
Armor: Scale mail        |     6 |       |       ||     6
       Chain mail        |    28 |    66 |    44 ||   138
       Skin              |     1 |       |    14 ||    15
Dodge: Dodged            |    15 |    24 |    19 ||    58
Block: Buckler           |     5 |       |       ||     5
       Tower shield      |    13 |    81 |    98 ||   192

Table legend: (Time is in decaauts)
 A = Elapsed time spent in this place.
 B = Non-inter-level travel time spent in this place.
 C = Inter-level travel time spent in this place.
 D = Time resting spent in this place.
 E = Time spent auto-exploring this place.
 F = Levels seen in this place.
 G = Mean time per level.
                   A        B        C        D        E       F      G
               +--------+--------+--------+--------+--------+-----+--------+
         Total |   6299 |   6061 |    238 |    375 |   4386 |   7 |  899.9 |
       Dungeon |   6036 |   5839 |    197 |    375 |   4212 |   6 | 1006.0 |
        Temple |    262 |    221 |     41 |      0 |    174 |   1 |  262.0 |
               +--------+--------+--------+--------+--------+-----+--------+

Top non-repeatable levels by time:
     D:4: 1823 daAuts
     D:1: 1105 daAuts
     D:2: 965 daAuts
     D:5: 907 daAuts
     D:3: 858 daAuts
     D:6: 377 daAuts
  Temple: 262 daAuts
